 Dungeon Crawl Stone Soup version 0.27.1 (webtiles) character file.

Game seed: 17642157795137893605

852 Gwenloh the Conjurer (level 7, -6/46 HPs)
             Began as a Demonspawn Conjurer on Aug 28, 2021.
             Shot with an arrow by a centaur (14 damage)
             ... on level 5 of the Dungeon.
             The game lasted 00:21:01 (5677 turns).

Gwenloh the Conjurer (Demonspawn Conjurer)          Turns: 5677, Time: 00:21:01

Health: -6/46      AC:  3    Str:  8    XL:     7   Next: 69%
Magic:  9/13       EV: 13    Int: 21    God:
Gold:   161        SH:  4    Dex: 11    Spells: 8/14 levels left

rFire    . . .     SeeInvis .   c - staff of conjuration
rCold    . . .     Faith    .   (no shield)
rNeg     . . .     Spirit   .   a - +0 robe
rPois    .         Reflect  .   (helmet restricted)
rElec    .         Harm     .   x - +0 cloak
rCorr    .         Rampage  .   (no gloves)
Will     .....                  (boots unavailable)
Stlth    ++........             (no amulet)
HPRegen  0.15/turn              (no ring)
MPRegen  0.13/turn              (no ring)

@: no status effects
A: horns 1, talons 3, condensation shield
a: no special abilities


You were on level 5 of the Dungeon.
You visited 2 branches of the dungeon, and saw 6 of its levels.
You also visited: Ossuary.

You collected 161 gold pieces.

Inventory:

Hand Weapons
 d - a +1 hand axe of electrocution
 e - a +0 quarterstaff
Missiles
 k - a throwing net
Armour
 a - a +0 robe (worn)
 i - a +0 helmet
 x - a +0 cloak (worn)
Magical Staves
 c - a staff of conjuration (weapon)
Jewellery
 y - a +4 ring of protection
Wands
 w - a wand of mindburst (10)
 z - a wand of charming (10)
Scrolls
 g - 5 scrolls of blinking
 n - a scroll of magic mapping
 r - a scroll of teleportation
 s - a scroll of amnesia
Potions
 b - 3 potions of heal wounds {unknown}
 f - 3 potions of degeneration {unknown}
 h - a potion of invisibility {unknown}
 j - 3 potions of haste {unknown}
 l - a potion of might {unknown}
 m - a potion of flight {unknown}
 o - a potion of berserk rage {unknown}
 p - 2 potions of lignification {unknown}
 q - a potion of mutation {unknown}
 t - 2 potions of brilliance {unknown}
 u - 2 potions of curing {unknown}
 v - a potion of ambrosia {unknown}


   Skills:
 + Level 3.9 Dodging
 - Level 1.7 Stealth
 + Level 4.4 Spellcasting
 * Level 7.6 Conjurations


You had 8 spell levels left.
You knew the following spells:

 Your Spells              Type           Power      Damage    Failure   Level
a - Magic Dart            Conj           100%       1d8       1%          1
b - Searing Ray           Conj           100%       3d7       1%          2
c - Stone Arrow           Conj/Erth      62%        3d10      7%          3

Your spell library contained the following spells:

 Spells                   Type           Power      Damage    Failure   Level
 Dazzling Flash           Conj/Hex       62%        N/A       7%          3
 Mephitic Cloud           Conj/Pois/Air  23%        N/A       12%         3
 Call Imp                 Summ           4%         N/A       17%         2
 Fulminant Prism          Conj/Hex       15%        3d11      24%         4
 Iskenderun's Mystic Bla  Conj/Tloc      31%        2d8       24%         4
 Animate Armour           Summ/Erth      8%         N/A       75%         4
 Lehudib's Crystal Spear  Conj/Erth      15%        10d5      100%        8


Dungeon Overview and Level Annotations

Branches:
Dungeon (5/15)             Temple (1/1) D:4         Ossuary (visited)

Altars:
Ashenzari
Cheibriados
Dithmenos
Elyvilon
Fedhas
Kikubaaqudgha
Makhleb
Okawaru
Qazlal
Sif Muna
Trog
Xom
Yredelemnul
Zin
The Shining One


Innate Abilities, Weirdness & Mutations

You have a pair of small horns on your head.
You have claws for feet.
A meltable shield of frost defends you. (SH +4)


Message History

Confirm with . or Enter, or press ? or * to list all spells.
Aiming: Magic Dart (safe; 1% risk of failure)
Press: ? - help, Shift-Dir - straight line, f - centaur
Aim: a centaur, wielding a +0 shortbow and quivering arrows (100% to hit)
You feel a surge of power!
The magic dart hits the centaur but does no damage.
Casting: Magic Dart (safe; 1% risk of failure)
Confirm with . or Enter, or press ? or * to list all spells.
Aiming: Magic Dart (safe; 1% risk of failure)
Press: ? - help, Shift-Dir - straight line, f/p - centaur
Aim: a centaur, wielding a +0 shortbow and quivering arrows (100% to hit)
You feel a surge of power!
The magic dart hits the centaur.
The centaur is lightly wounded.
The centaur shoots an arrow.
The arrow hits you!
The centaur shoots an arrow.
You block the arrow.
Casting: Magic Dart (safe; 1% risk of failure)
Confirm with . or Enter, or press ? or * to list all spells.
Aiming: Magic Dart (safe; 1% risk of failure)
Press: ? - help, Shift-Dir - straight line, f/p - centaur
Aim: a centaur, wielding a +0 shortbow and quivering arrows (lightly wounded, 100% to hit)
You feel a surge of power!
The magic dart hits the centaur but does no damage.
The centaur is lightly wounded.
The centaur shoots an arrow.
The arrow barely misses you.
The centaur shoots an arrow.
The arrow hits you!
The centaur shoots an arrow.
The arrow hits you!
You start resting.
A centaur is nearby!
Casting: Magic Dart (safe; 1% risk of failure)
Confirm with . or Enter, or press ? or * to list all spells.
Aiming: Searing Ray (safe; 1% risk of failure)
Press: ? - help, Shift-Dir - straight line, f/p - centaur
Aim: a centaur, wielding a +0 shortbow and quivering arrows (90% to hit)
You feel a surge of power!
The searing ray hits the centaur!
The centaur is heavily wounded. (Press . to maintain the ray.)
The centaur shoots an arrow.
The arrow hits you!
* * * LOW HITPOINT WARNING * * *
The centaur shoots an arrow.
The arrow hits you!
You die...

......# #..........#
......# ##........##
......# #..........#
......#######..........#
.......................#
..[...###...#..........#
.......##.###..........#
######....# #.........##
...#....### #.#.@....##
##..........#.###.####
....###.........#c#
##### #..........#
........### ........
........ ....... .$c...[


You could see a centaur.

Vanquished Creatures
  2 ogres (D:4)
  A phantom (D:4)
  A scorpion (D:5)
  A water moccasin zombie (D:5)
  A hound (D:5)
  2 centaur skeletons
  2 orc priests (D:4)
  An iguana (D:5)
  A hound skeleton (D:4)
  11 mummies (Ossuary)
  7 adders
  2 ufetubi
  A worm (D:3)
  14 orcs
  4 ball pythons
  2 bats
  5 endoplasms
  5 giant cockroaches
  7 goblins
  9 hobgoblins
  8 jackals
  3 quokkas
  2 frilled lizards
  2 goblin skeletons (Ossuary)
  A kobold (D:2)
  2 kobold skeletons (Ossuary)
  4 orc skeletons (Ossuary)
  8 rats
  11 rat skeletons (Ossuary)
120 creatures vanquished.

Notes
Turn   | Place    | Note
-------+----------+-------------------------------------------
     0 | D:1      | Gwenloh the Demonspawn Conjurer began the quest for the
                  | Orb.
     0 | D:1      | Reached XP level 1. HP: 13/13 MP: 3/3
   297 | D:1      | Found a faded altar of an unknown god.
   328 | D:1      | Gained mutation: You have sharp toenails. [demonic
                  | ancestry]
   328 | D:1      | Reached XP level 2. HP: 19/19 MP: 1/5
   405 | D:1      | Learned a level 2 spell: Searing Ray
   913 | D:2      | Gained mutation: You have razor-sharp toenails. [demonic
                  | ancestry]
   913 | D:2      | Reached XP level 3. HP: 24/24 MP: 1/6
  1158 | D:2      | Found an ancient bone altar of Kikubaaqudgha.
  1198 | D:2      | Reached skill level 5 in Conjurations
  1575 | D:3      | Reached XP level 4. HP: 30/30 MP: 4/8
  2739 | D:3      | Found a bloodstained altar of Trog.
  2773 | D:3      | Gained mutation: You have claws for feet. [demonic
                  | ancestry]
  2773 | D:3      | Reached XP level 5. HP: 35/35 MP: 5/9
  2813 | D:3      | Found a burning altar of Makhleb.
  2851 | D:4      | Found a sand-covered staircase.
  2858 | Ossuary  | Entered an ossuary
  3346 | Ossuary  | Reached skill level 6 in Conjurations
  3581 | Ossuary  | Gained mutation: A meltable shield of frost defends you.
                  | (SH +4) [demonic ancestry]
  3581 | Ossuary  | Reached XP level 6. HP: 41/41 MP: 6/11
  3872 | D:4      | Found a staircase to the Ecumenical Temple.
  3881 | Temple   | Entered the Ecumenical Temple
  4014 | D:4      | Found a shimmering altar of Xom.
  4605 | D:4      | Gained mutation: You have a pair of small horns on your
                  | head. [demonic ancestry]
  4605 | D:4      | Reached XP level 7. HP: 46/46 MP: 6/13
  4892 | D:4      | Reached skill level 7 in Conjurations
  5126 | D:5      | Entered Level 5 of the Dungeon
  5483 | D:5      | Identified a scroll of acquirement
  5484 | D:5      | Acquired a staff of conjuration
  5508 | D:5      | Learned a level 3 spell: Stone Arrow
  5677 | D:5      | Shot with an arrow by a centaur

Illustrated notes

Levels and vault maps discovered:
D:1:      ebering_hopf_link, layout_rooms,
          chequers_ecumenical_altar_simple_redux
D:2:      layout_rooms, basic_altar
D:3:      minmay_wonky_spiral, layout_loops_ring, marbit_many_paths,
          mainiacjoe_overflow_alcove_4, zin_statuary
D:4:      layout_basic, elyvilon_altar_5, xom_teletrap_fun,
          mainiacjoe_overflow_brackets, minmay_temple_entry_glassed_door,
          chequers_ossuary_entry_cave, supply_closet_lemuel
D:5:      layout_rooms, hangedman_decor_slide_cut
Temple:   dpeg_three_leaves_temple

Skill      XL: |  1  2  3  4  5  6  7 |
---------------+----------------------+-----
Conjurations   | 5 6 7 |  7.6
Dodging        | 2 3 |  3.9
Spellcasting   | 3 4 |  4.4
Stealth        | |  1.7

Action                   |  1- 3 |  4- 6 |  7- 9 || total
-------------------------+-------+-------+-------++-------
 Cast: Magic Dart        |    65 |    65 |    23 ||   153
       Searing Ray       |     3 |    35 |     5 ||    43
       Stone Arrow       |       |       |     2 ||     2
  Use: Scroll            |       |     5 |     2 ||     7
Armor: Robe              |     3 |     3 |       ||     6
Dodge: Dodged            |    14 |     4 |     2 ||    20
Block: Other             |       |       |     3 ||     3
